 Dungeon Crawl Stone Soup version 0.31-a0-268-g4392ee761c (webtiles) character file.

Game seed: 1702085690930202639

223 qw the Shooter (level 6, 0/36 HPs)
             Began as a Gargoyle Hexslinger on July 14, 2023.
             Killed from afar by an orc wizard (2 damage)
             ... with a magic dart
             ... on level 4 of the Dungeon.
             The game lasted 00:01:03 (2158 turns).

qw the Shooter (Gargoyle Hexslinger)                Turns: 2158, Time: 00:01:04

Health: 0/36       AC:  9    Str: 12    XL:     6   Next: 0%
Magic:  7/7        EV: 10    Int: 13    God:
Gold:   157        SH:  0    Dex: 14    Spells: 6/7 levels left

rFire   . . .        Y - +1 sling
rCold   . . .        (no shield)
rNeg    + . .        c - +0 ring mail
rPois   inf          (no helmet)
rElec   +            e - scarf {repulsion}
rCorr   .            (no gloves)
SInv    .            (no boots)
Will    .....        (no amulet)
Stlth   +            (no ring)
HPRegen 0.26/turn    (no ring)
MPRegen 0.10/turn

%: repel missiles
@: no status effects
A: sickness immunity, AC +4, negative energy resistance 1, electricity
resistance, torment resistance 1, petrification resistance
a: no special abilities


You were on level 4 of the Dungeon.
You visited 1 branch of the dungeon, and saw 4 of its levels.

You collected 157 gold pieces.


Innate Abilities, Weirdness & Mutations

You are immune to sickness and miasma.
Your stone body is resilient. (AC +4)
You are immune to poison.
You resist negative energy. (rN+)
You are resistant to electric shocks. (rElec)
You are resistant to unholy torment.
You are immune to petrification.


   Skills:
 + Level 2.9 Fighting
 - Level 5.1 Ranged Weapons
 - Level 1.3 Armour
 - Level 1.5 Dodging
 - Level 1.0 Spellcasting
 - Level 2.6 Hexes


You had 6 spell levels left.
You knew the following spells:

 Your Spells              Type           Power      Damage    Failure   Level
a - Slow                  Hex            28%        N/A       21%         1

Your spell library contained the following spells:

 Spells                   Type           Power      Damage    Failure   Level
 Inner Flame              Hex/Fire       4%         N/A       71%         3
 Portal Projectile        Hex/Tloc       8%         N/A       71%         3
 Cause Fear               Hex            3%         N/A       90%         4

Inventory:

Hand Weapons
 Y - a +1 sling (weapon)
Armour
 c - a +0 ring mail (worn)
 e - a scarf of repulsion (worn)
Scrolls
 a - 3 scrolls of identify
Potions
 g - 2 potions of curing
 j - a potion of might

Dungeon Overview and Level Annotations

Branches:
Dungeon (4/15)
 Temple: D:4-7

Altars:


Message History

The orc priest shouts! x2; The orc shouts!
You hear a shout! x2
You shoot a sling bullet. The sling bullet hits the orc.
The orc is heavily wounded.
The orc hits you but does no damage. The orc closely misses you.
You shoot a sling bullet. The sling bullet barely misses the orc.
An orc comes into view. It is wielding a +0 hand axe.
The orc hits you but does no damage.
You shoot a sling bullet. The sling bullet hits the orc.
The orc is severely wounded.
The orc hits you with a +0 club.
An orc wizard comes into view. It is wielding a +0 dagger.
You shoot a sling bullet. The sling bullet hits the orc.
You kill the orc!
You have reached level 6!
You shoot a sling bullet.
The sling bullet completely misses the orc priest.
The orc priest hits you but does no damage.
The orc priest closely misses you.
You shoot a sling bullet.
The sling bullet hits the orc priest but does no damage.
You shoot a sling bullet.
The sling bullet closely misses the orc wizard.
The orc priest mumbles some strange prayers to Beogh against you.
Beogh smites you! The orc wizard barely misses you.
The orc priest mumbles some strange prayers to Beogh against you.
Beogh smites you!
You shoot a sling bullet. The sling bullet misses the orc wizard.
The orc priest hits you with a +0 club.
The orc wizard hits you but does no damage.
You shoot a sling bullet. The sling bullet misses the orc wizard.
The orc priest hits you but does no damage.
The orc wizard points at you and mumbles some strange words.
The magic dart hits you! The orc priest closely misses you.
The orc wizard hits you but does no damage.
You shoot a sling bullet.
The sling bullet closely misses the orc wizard.
The orc priest hits you but does no damage.
The orc wizard points at you and mumbles some strange words.
The magic dart hits you.
You die...

#.####.#
#......#
##.##### ##.#
#..# #.##
#.########
####........#
#o@...#####..
#o##### #o #.
#. ##


You could see 2 orc priests and an orc wizard.

Vanquished Creatures
  A phantom (D:3)
  9 adders
  4 worms
  A dart slug (D:2)
  4 orcs
  6 endoplasms
  2 giant cockroaches (D:1)
  5 goblins
  5 hobgoblins
  3 kobolds
  2 quokkas
  6 ball pythons
  4 frilled lizards
  2 rats
54 creatures vanquished.

Notes
Turn   | Place    | Note
-------+----------+-------------------------------------------
     0 | D:1      | qw the Gargoyle Hexslinger began the quest for the Orb.
     0 | D:1      | Reached XP level 1. HP: 12/12 MP: 2/2
     0 | D:1      | 0 ||| qw: Version: 0.3-a-52-g30416fa
     0 | D:1      | 0 ||| qw: Game counter: 7934
     0 | D:1      | 0 ||| qw: Melee chars always use a shield: true
     0 | D:1      | 0 ||| qw: God list: Okawaru
     0 | D:1      | 0 ||| qw: Allow faded altars: false
     0 | D:1      | 0 ||| qw: Do Orc after clearing Dungeon:15 true
     0 | D:1      | 0 ||| qw: Do second Lair branch before Depths: true
     0 | D:1      | 0 ||| qw: Lair rune preference: random
     0 | D:1      | 0 ||| qw: Goals: Normal
     0 | D:1      | 0 ||| PLANNING D:1-11
   265 | D:1      | Reached XP level 2. HP: 16/16 MP: 3/3
   357 | D:1      | Reached skill level 3 in Ranged Weapons
   561 | D:1      | 561 ||| UPGRADING to scarf of repulsion.
   566 | D:1      | 566 ||| UPGRADING to +0 leather armour.
   576 | D:1      | 576 ||| DROPPING +0 robe.
   577 | D:1      | 577 ||| READING 2 scrolls labelled WEUJOGH ROCHIO.
   578 | D:1      | 578 ||| READING 3 scrolls labelled COODET BOJAD.
   579 | D:1      | 579 ||| READING scroll labelled MUIT YWOSM.
   580 | D:1      | 580 ||| DRINKING 2 fuming orange potions.
   581 | D:1      | 581 ||| DROPPING scroll of poison.
   582 | D:1      | 582 ||| DROPPING 2 scrolls of revelation.
   613 | D:2      | 613 ||| STAIRDANCE
   625 | D:1      | Reached XP level 3. HP: 10/22 MP: 4/4
   950 | D:2      | Reached XP level 4. HP: 27/27 MP: 5/5
  1190 | D:2      | 1190 ||| UPGRADING to +0 ring mail.
  1200 | D:2      | 1200 ||| DROPPING +0 leather armour.
  1201 | D:2      | 1201 ||| READING scroll labelled USSECU POFFIE.
  1202 | D:2      | 1202 ||| READING scroll labelled XEIREKH FYEXUPS.
  1203 | D:2      | 1203 ||| DRINKING 3 sedimented clear potions.
  1204 | D:2      | 1204 ||| READING 4 scrolls of identify.
  1204 | D:2      | 1204 ||| IDENTIFYING fizzy white potion
  1205 | D:2      | 1205 ||| READING 3 scrolls of identify.
  1205 | D:2      | 1205 ||| IDENTIFYING metallic yellow potion
  1206 | D:2      | 1206 ||| READING 2 scrolls of identify.
  1206 | D:2      | 1206 ||| IDENTIFYING smoky silvery potion
  1207 | D:2      | 1207 ||| DROPPING potion of ambrosia.
  1208 | D:2      | 1208 ||| DROPPING potion of degeneration.
  1375 | D:3      | Reached skill level 4 in Ranged Weapons
  1386 | D:3      | 1386 ||| FLEEEEING.
  1387 | D:3      | 1387 ||| FLEEEEING.
  1388 | D:3      | 1388 ||| FLEEEEING.
  1391 | D:3      | 1391 ||| FLEEEEING.
  1394 | D:3      | 1394 ||| STAIRDANCE
  1417 | D:2      | 1417 ||| READING scroll labelled SILORY GUSE.
  1442 | D:3      | Reached skill level 1 in Armour
  1476 | D:3      | Reached XP level 5. HP: 27/31 MP: 6/6
  1580 | D:3      | Noticed a phantom
  1595 | D:3      | Killed a phantom
  1596 | D:3      | Reached skill level 5 in Ranged Weapons
  1662 | D:3      | HP: 5/31 [worm (9)]
  1663 | D:3      | 1663 ||| DRINKING potion of heal wounds.
  2050 | D:3      | 2050 ||| READING 4 scrolls of identify.
  2050 | D:3      | 2050 ||| IDENTIFYING fuming red potion
  2051 | D:3      | 2051 ||| DROPPING potion of brilliance.
  2153 | D:4      | Reached XP level 6. HP: 34/36 MP: 7/7
  2157 | D:4      | HP: 2/36 [orc wizard/magic dart (10)]
  2158 | D:4      | Killed from afar by an orc wizard

Levels and vault maps discovered:
D:1:      lightli_arrival_boilingwater, layout_rooms, minmay_parallelograms
D:2:      layout_rooms
D:3:      layout_loops_cross, nicolae_half_adder
D:4:      layout_basic, mainiacjoe_overflow_surrounded_room,
          nicolae_uskayaw_dance_hall, gammafunk_temple_overflow_wave

Skill      XL: |  1  2  3  4  5 |
---------------+----------------+-----
Ranged Weapons | 3 4 5 |  5.1
Fighting       | 2 |  2.9
Armour         | 1 |  1.3
Dodging        | |  1.5
Spellcasting   | |  1.0
Hexes          | |  2.6

Action                     |  1- 3 |  4- 6 || total
---------------------------+-------+-------++-------
   Fire: Sling             |   109 |   158 ||   267
    Use: Scroll            |     3 |     7 ||    10
         Potion            |     1 |     2 ||     3
 Armour: Robe              |     3 |       ||     3
         Leather armour    |    16 |       ||    16
         Ring mail         |       |    90 ||    90
  Dodge: Dodged            |    26 |   101 ||   127
         Repelled          |     1 |       ||     1

Table legend:
 A = Non-vault XP
 B = Vault XP
 C = Vault XP percentage of total XP
 D = Non-vault monster count
 E = Vault monster count
 F = Vault count percentage of total count
                 A         B        C        D         E       F
            +---------+---------+-------+---------+---------+-------
      Total |     264 |      55 |  17.2 |      50 |       4 |   7.4
            +---------+---------+-------+---------+---------+-------
        D:1 |      44 |       0 |   0.0 |      19 |       0 |   0.0
        D:2 |      56 |       0 |   0.0 |      15 |       0 |   0.0
        D:3 |     156 |      55 |  26.1 |      14 |       4 |  22.2
        D:4 |       8 |       0 |   0.0 |       2 |       0 |   0.0
            +---------+---------+-------+---------+---------+-------
